 Dungeon Crawl Stone Soup version 0.28-a0-983-g1de4e0787c (console) character file.

Game seed: 10670704077892414639

3276 jejorda2 the Cleaver (level 9, -3/73 HPs)
             Began as a Palentonga Berserker on Dec 2, 2021.
             Was a Priest of Trog.
             Killed by divine providence
             ... invoked by an orc priest
              (13 damage)
             ... on level 8 of the Dungeon.
             The game lasted 00:21:03 (7126 turns).

jejorda2 the Cleaver (Palentonga Berserker)         Turns: 7126, Time: 00:21:04

Health: -3/73      AC: 23    Str: 24    XL:     9   Next: 68%
Magic:  9/9        EV:  6    Int:  8    God:    Trog [***...]
Gold:   364        SH:  4    Dex: 10    Spells: 8/8 levels left

rFire   + . .      SeeInvis +   a - +0 war axe (spect)
rCold   + . .      Faith    +   i - +0 buckler {rN+}
rNeg    + . .      Spirit   .   B - +0 scale mail {rC+}
rPois   .          Reflect  .   (no helmet)
rElec   .          Harm     .   r - +0 cloak
rCorr   +          Rampage  .   k - +0 pair of gloves
Will    .....                   b - +1 barding {rF+}
Stlth   ..........              l - amulet of faith
HPRegen 0.22/turn               h - ring of resist corrosion
MPRegen 0.11/turn               (no ring)

@: on berserk cooldown, slowed, curled up, very slow
A: large, rugged brown scales 3, see invisible, deformed body, roll 1, armoured
tail, reflexive curl
a: Rolling Charge, Renounce Religion, Berserk, Trog's Hand


You were on level 8 of the Dungeon.
You worshipped Trog.
Trog was most pleased with you.
You visited 1 branch of the dungeon, and saw 8 of its levels.
You also visited: Ossuary.

You collected 397 gold pieces.
You spent 33 gold pieces at shops.

Inventory:

Hand Weapons
 a - a +0 spectral war axe (weapon)
 n - a +0 flail
Missiles
 d - 34 sling bullets
 e - 310 stones
 w - a throwing net
 y - 3 datura-tipped darts
Armour
 b - a +1 barding of fire resistance (worn)
 i - a +0 buckler of positive energy (worn)
 k - a +0 pair of gloves (worn)
 r - a +0 cloak (worn)
 B - a +0 scale mail of cold resistance (worn)
Jewellery
 h - a ring of resist corrosion (left hand)
 l - an amulet of faith (around neck)
Wands
 o - a wand of acid (10)
 p - a wand of paralysis (12)
 x - a wand of polymorph (11)
Scrolls
 g - a scroll of identify
 m - a scroll of holy word
 u - a scroll of enchant weapon
 v - 3 scrolls of teleportation
 A - a scroll of summoning
Potions
 c - 6 potions of lignification
 f - 4 potions of heal wounds
 j - 3 potions of might
 q - 5 potions of haste
 s - 2 potions of magic
 t - a potion of resistance
 z - 2 potions of berserk rage
 C - a potion of flight


   Skills:
 - Level 6.0 Fighting
 * Level 9.7 Axes
 + Level 5.5 Armour
 - Level 3.2 Dodging
 - Level 4.0 Shields


You had 8 spell levels left.
You didn't know any spells.
Your spell library was empty.

Dungeon Overview and Level Annotations

Branches:
Dungeon (8/15)             Temple (0/1) D:6         Ossuary (visited)
   Lair: D:8-11

Altars:
Dithmenos
Okawaru
Qazlal
Vehumet

Shops:
D:3 *


Innate Abilities, Weirdness & Mutations

You are completely covered in rugged brown scales. (AC +3, +7% HP)
You have supernaturally acute eyesight. (SInv)
Armour fits poorly on your strangely shaped body.
You can roll at nearby foes to attack.
You have a long armoured tail.
You curl defensively after being hit. (AC +7*)


Message History

You slash the deep elf pyromancer!
Your tail-slap misses the deep elf pyromancer.
The deep elf pyromancer is severely wounded.
Your +0 spectral war axe barely misses the deep elf pyromancer.
The deep elf pyromancer hits you but does no damage.
You slice the deep elf pyromancer!!
You kill the deep elf pyromancer!
Trog accepts your kill.
Trog appreciates your killing of a magic user.
The orc hits you with a +0 short sword.
* * * LOW HITPOINT WARNING * * *
Items here: ) [ †.
You barely miss the orc. You tail-slap the orc!
You kill the orc!
Trog accepts your kill.
An orc priest comes into view. It is wielding a +0 dagger.
The orc priest shouts!
Items here: ) [.
You slash the orc!
You kill the orc!
Trog accepts your kill.
An orc priest comes into view. It is wielding a +0 whip.
The orc priest shouts!
Items here: ) [.
Found a stone staircase leading up.
You feel a strong urge to attack something.
An orc wizard comes into view.
It is wielding a +0 dagger and wearing a +1 robe of willpower.
You are no longer berserk.
You are exhausted.
You feel yourself slow down.
The orc priest looks encouraged for a moment.
The orc priest hits you but does no damage.
You hit the orc priest.
The orc priest is heavily wounded.
The orc priest hits you but does no damage.
You closely miss the orc priest. You tail-slap the orc priest.
The orc priest is heavily wounded.
The orc priest calls down the wrath of Beogh upon you.
Beogh smites you!
You die...

#..♣♣ ♣.♣ ♣.
#...♣♣ ♣.♣ ♣♣..
##.#..♣♣♣♣.♣♣♣♣..#
#.........8.....##
#)##..♣♣♣♣.♣♣♣♣..#
#)#..♣♣ ♣.♣ ♣♣..
#)#.♣♣ ♣.♣♣.♣♣♣.
#.#. ♣.♣ ♣....
#@## ...♣♣.... #o#
.#..♣.... #o# .
....... .o# .#
###.... ... #....
.... #.).. ...<
#.)(. ...... ##...
##..


You could see 2 orc priests and an orc wizard.

Vanquished Creatures
  A deep elf pyromancer (D:8)
  Joseph (D:8)
  Maggie (D:6)
  A slime creature (D:8)
  A steam dragon (D:6)
  Duvessa (D:4)
  A water moccasin (D:5)
  An orc warrior (D:6)
  A sky beast (D:6)
  An ice beast (D:7)
  2 necrophages (D:5)
  2 centaurs
  A phantom (D:4)
  2 bullfrogs (D:6)
  A wyvern skeleton (D:7)
  Dowan (D:4)
  A bullfrog zombie (D:5)
  A centaur skeleton (D:5)
  An orc priest (D:6)
  4 hounds
  Crazy Yiuf (D:6)
  A bullfrog skeleton (D:6)
  2 iguanas
  6 orc wizards
  A hound skeleton (D:5)
  5 mummies
  6 gnolls
  A howler monkey skeleton (D:5)
  8 adders
  3 white imps
  2 ufetubi
  21 orcs
  13 ball pythons
  2 bats (D:3)
  8 endoplasms
  2 giant cockroaches
  5 goblins
  2 hobgoblins
  10 jackals (D:2)
  5 kobolds
  2 quokkas (D:2)
  3 frilled lizards
  2 gnoll zombies (Ossuary)
  2 goblin zombies (Ossuary)
  5 kobold zombies
  An orc zombie (Ossuary)
  6 rats
151 creatures vanquished.

Vanquished Creatures (others)
  3 fungi (D:6)
  A plant (D:3)
4 creatures vanquished.

Grand Total: 155 creatures vanquished

Notes
Turn   | Place    | Note
-------+----------+-------------------------------------------
     0 | D:1      | jejorda2 the Palentonga Berserker began the quest for the
                  | Orb.
     0 | D:1      | Reached XP level 1. HP: 19/19 MP: 1/1
   173 | D:1      | Reached XP level 2. HP: 20/25 MP: 2/2
   873 | D:2      | Reached XP level 3. HP: 28/31 MP: 3/3
  1332 | D:2      | Reached skill level 4 in Axes
  1338 | D:2      | Reached XP level 4. HP: 37/37 MP: 4/4
  1724 | D:3      | Reached ** piety under Trog
  2016 | D:3      | Found a shadowy altar of Dithmenos.
  2223 | D:3      | Found Hasuckycoc's Assorted Antiques.
  2231 | D:3      | Bought a scroll labelled XEIZOE FEGIM for 33 gold pieces
  2301 | D:3      | Found a faded altar of an unknown god.
  2373 | D:4      | Identified 3 scrolls of acquirement
  2373 | D:4      | Acquired a +1 barding of fire resistance
  2381 | D:3      | Acquired a +0 buckler of positive energy
  2383 | D:3      | Acquired a +1 barding of flying
  2397 | D:4      | Found an iron altar of Okawaru.
  2428 | D:4      | Noticed a phantom
  2434 | D:4      | Killed a phantom
  2435 | D:4      | Reached XP level 5. HP: 44/44 MP: 5/5
  2575 | D:4      | Noticed Dowan
  2576 | D:4      | Noticed Duvessa
  2593 | D:4      | Killed Duvessa
  2594 | D:4      | Reached skill level 5 in Axes
  2594 | D:4      | Reached XP level 6. HP: 51/51 MP: 6/6
  2831 | D:4      | Killed Dowan
  3483 | D:5      | Entered Level 5 of the Dungeon
  3521 | D:5      | Gained mutation: You curl defensively after being hit. (AC
                  | +7*) [Palentonga growth]
  3521 | D:5      | Reached XP level 7. HP: 58/58 MP: 7/7
  3540 | D:5      | Reached skill level 6 in Axes
  3594 | D:5      | Found a sand-covered staircase.
  3601 | Ossuary  | Entered an ossuary
  3996 | D:5      | Reached skill level 5 in Fighting
  4003 | D:5      | HP: 2/59 [poisoned by a water moccasin]
  4689 | D:5      | Reached *** piety under Trog
  4692 | D:5      | Reached XP level 8. HP: 63/66 MP: 8/8
  4918 | D:6      | Reached skill level 1 in Shields
  5037 | D:6      | Reached skill level 7 in Axes
  5271 | D:6      | Found a staircase to the Ecumenical Temple.
  5414 | D:6      | Noticed Maggie
  5428 | D:6      | Killed Maggie
  6144 | D:6      | Found a runed translucent door.
  6145 | D:6      | Noticed Crazy Yiuf
  6152 | D:6      | Killed Crazy Yiuf
  6242 | D:6      | Reached skill level 8 in Axes
  6242 | D:6      | Reached XP level 9. HP: 73/73 MP: 9/9
  6502 | D:7      | Found a stormy altar of Qazlal.
  6739 | D:7      | Found a radiant altar of Vehumet.
  7044 | D:8      | Noticed Joseph
  7057 | D:8      | Killed Joseph
  7058 | D:8      | Reached skill level 5 in Armour
  7064 | D:8      | Reached skill level 9 in Axes
  7104 | D:8      | Noticed a deep elf pyromancer
  7117 | D:8      | Killed a deep elf pyromancer
  7126 | D:8      | Killed from afar by an orc priest

Illustrated notes

Levels and vault maps discovered:
D:1:      elethiomel_arrival_quiet, layout_basic, minmay_misc_feat_chi,
          minmay_misc_feat_nine_boxes
D:2:      layout_basic
D:3:      layout_loops_ring, nicolae_dithmenos_the_darkroom, serial_shops, shop,
          shapermc_ecumenical_altar_acropolis, serial_glass, glass_columns_a,
          glass_columns_b, glass_columns_a, glass_columns_a, glass_columns_b,
          glass_columns_a, glass_columns_a, glass_columns_c
D:4:      layout_basic, okawaru_metal_pillars_3, kennysheep_minor_cross,
          uniq_duvessa
D:5:      layout_basic, nicolae_ossuary_entry_giza, minmay_misc_feat_plants,
          nicolae_figureground_sparkle
D:6:      layout_loops_cross, minmay_temple_entry_tees, uniq_crazy_yiuf_cottage,
          uniq_maggie
D:7:      layout_loops_ring, amcnicky_altar_gilded, grunt_qazlal_sundering
D:8:      kennysheep_blocky_hall, layout_rooms, mainiacjoe_overflow_24_doors,
          ebering_ghost_gozag, enter_bailey_5, kb_rosetta, uniq_grum,
          uniq_joseph

Skill      XL: |  1  2  3  4  5  6  7  8  9 |
---------------+----------------------------+-----
Armour         | 2 3 4 5 |  5.5
Axes           | 4 5 6 8 9 |  9.7
Fighting       | 4 5 6 |  6.0
Dodging        | 2 3 |  3.2
Shields        | 3 4 |  4.0

Action                   |  1- 3 |  4- 6 |  7- 9 || total
-------------------------+-------+-------+-------++-------
Melee: Hand axe          |   103 |    93 |       ||   196
       Tailslap          |     9 |    14 |    29 ||    52
       War axe           |       |    17 |   260 ||   277
Invok: Berserk           |     4 |     5 |     7 ||    16
       Trog's Hand       |       |     2 |     3 ||     5
 Abil: Rolling Charge    |    23 |    18 |    11 ||    52
  Use: Scroll            |       |    11 |    10 ||    21
       Potion            |       |       |     1 ||     1
Armor: Animal skin       |     1 |       |       ||     1
       Ring mail         |    37 |    68 |   145 ||   250
       Scale mail        |       |       |    24 ||    24
Dodge: Dodged            |    42 |    49 |    66 ||   157
Block: Buckler           |       |    10 |    32 ||    42

Table legend: (Time is in decaauts)
 A = Elapsed time spent in this place.
 B = Non-inter-level travel time spent in this place.
 C = Inter-level travel time spent in this place.
 D = Time resting spent in this place.
 E = Time spent auto-exploring this place.
 F = Levels seen in this place.
 G = Mean time per level.
                   A        B        C        D        E       F      G
               +--------+--------+--------+--------+--------+-----+--------+
         Total |   7331 |   7112 |    219 |   1195 |   4609 |   9 |  814.6 |
       Dungeon |   6974 |   6755 |    219 |   1141 |   4400 |   8 |  871.8 |
       Ossuary |    356 |    356 |      0 |     54 |    209 |   1 |  356.0 |
               +--------+--------+--------+--------+--------+-----+--------+

Top non-repeatable levels by time:
     D:6: 1407 daAuts
     D:5: 1197 daAuts
     D:2: 1083 daAuts
     D:4: 969 daAuts
     D:3: 883 daAuts
     D:7: 721 daAuts
     D:1: 631 daAuts
 Ossuary: 356 daAuts
     D:8: 80 daAuts
